 Dungeon Crawl Stone Soup version 0.25-a0-786-g5b70d41e48 (webtiles) character file.

Game seed: 17602692467524250228, levelgen mode: deterministic

119 Fukker the Twirler (level 4, 0/33 HPs)
             Began as a Demonspawn Gladiator on Apr 18, 2020.
             Was an Initiate of Ru.
             Slain by a goblin
             ... wielding a +0 club
             ... led by Robin
              (8 damage)
             ... on level 3 of the Dungeon.
             The game lasted 00:02:22 (1614 turns).

Fukker the Twirler (Demonspawn Gladiator)           Turns: 1614, Time: 00:02:23

Health: 0/33       AC:  6    Str: 15    XL:     4   Next: 73%
Magic:  0/4        EV: 14    Int: 10    God:    Ru [......]
Gold:   145        SH:  0    Dex: 14    Spells: 3/3 levels left

rFire    . . .     SeeInvis .   a - +0 quarterstaff
rCold    . . .     Gourm    .   (shield currently unavailable)
rNeg     . . .     Faith    .   h - +0 ring mail
rPois    .         Spirit   +   c - +0 helmet
rElec    .         Reflect  .   (no cloak)
rCorr    .         Harm     +   (no gloves)
MR       +....                  (no boots)
Stlth    +.........             x - amulet of harm
HPRegen  0.11/turn              t - ring of protection from magic
MPRegen  0.09/turn              k - +3 ring of evasion

@: no status effects
A: claws 1, magic shield, rot immunity
a: Renounce Religion


You were on level 3 of the Dungeon.
You worshipped Ru.
Ru was noncommittal.
You were not hungry.

You visited 1 branch of the dungeon, and saw 3 of its levels.

You collected 145 gold pieces.

Inventory:

Hand Weapons
 a - a +0 quarterstaff (weapon)
Missiles
 d - 2 throwing nets (quivered)
 e - 26 poisoned darts
 j - 37 arrows
 p - 4 javelins
Armour
 b - a +0 leather armour
 c - a +0 helmet (worn)
 h - a +0 ring mail (worn)
Jewellery
 k - a +3 ring of evasion (right claw)
 t - a ring of protection from magic (left claw)
 x - an amulet of harm (around neck)
Scrolls
 i - a scroll of enchant weapon {unknown}
 l - 7 scrolls of identify {unknown}
 m - 7 scrolls of teleportation {unknown}
 o - a scroll of enchant armour {unknown}
 q - 2 scrolls of remove curse {unknown}
 s - a scroll of blinking {unknown}
 u - a scroll of fear {unknown}
Potions
 g - 3 potions of curing {unknown}
 n - a potion of mutation {unknown}
 r - a potion of flight {unknown}
 w - a potion of invisibility {unknown}
Comestibles
 f - 5 rations


   Skills:
 - Level 2.0 Fighting
 + Level 4.5 Staves
 + Level 2.0 Throwing
 + Level 1.5 Armour
 - Level 2.6 Dodging


You had 3 spell levels left.
You didn't know any spells.
Your spell library was empty.

Dungeon Overview and Level Annotations

Branches:
Dungeon (3/15)

Altars:
Ru
Vehumet

Annotations:
D:3 Robin


Innate Abilities, Weirdness & Mutations

You have sharp fingernails.
When hurt, damage is shared between your health and your magic reserves.
You are immune to rotting.


Message History

a +0 dagger x2; a hobgoblin corpse You miss the goblin.
The hobgoblin no longer looks unusually strong.
Robin hits you with a +0 spear. The goblin hits you with a +0 club.
You barely miss the goblin.
Robin roars a battlecry!
The hobgoblins go into a battle-frenzy!
The goblin misses you.
You hear a shout! x2
You hit the goblin but do no damage.
Robin's bangles clink loudly.
Robin hits you with a +0 spear.
* * * LOW HITPOINT WARNING * * *
The goblin misses you.
You barely miss the goblin.
Robin roars a battlecry!
The goblin barely misses you.
You barely miss the goblin. Robin hits you but does no damage.
The goblin hits you with a +0 club!
You die... # .# ##. .. #g## gg#

#g# #@# #.
#g# #. #.#
#. #.# #.
#.# #. #.#
#. #.#
#.#######.#
#.<.......#


You could see Robin, 3 hobgoblins and a goblin.

Vanquished Creatures
  A worker ant (D:2)
  3 gnolls (D:2)
  3 adders
  An ooze (D:1)
  A dart slug (D:2)
  A leopard gecko (D:2)
  A giant cockroach (D:2)
  2 hobgoblins
  5 bats
  4 frilled lizards
  10 goblins
  4 kobolds
  4 rats
40 creatures vanquished.

Vanquished Creatures (others)
  A bush (D:2)
1 creature vanquished.

Grand Total: 41 creatures vanquished

Notes
Turn   | Place    | Note
-------+----------+-------------------------------------------
     0 | D:1      | Fukker the Demonspawn Gladiator began the quest for the
                  | Orb.
     0 | D:1      | Reached XP level 1. HP: 16/16 MP: 1/1
   290 | D:1      | Reached skill level 3 in Staves
   292 | D:1      | Gained mutation: When hurt, damage is shared between your
                  | health and your magic reserves. [demonic ancestry]
   292 | D:1      | Reached XP level 2. HP: 21/22 MP: 2/2
   896 | D:2      | Found a sacrificial altar of Ru.
   911 | D:2      | Became a worshipper of Ru the Awakened
  1045 | D:2      | Gained mutation: You have sharp fingernails. [demonic
                  | ancestry]
  1045 | D:2      | Reached XP level 3. HP: 12/27 MP: 1/3
  1231 | D:2      | Reached skill level 4 in Staves
  1246 | D:2      | Reached skill level 1 in Armour
  1357 | D:2      | Found a radiant altar of Vehumet.
  1359 | D:2      | Gained mutation: You are immune to rotting. [demonic
                  | ancestry]
  1359 | D:2      | Reached XP level 4. HP: 33/33 MP: 4/4
  1593 | D:3      | Noticed Robin
  1614 | D:3      | Slain by a goblin

Levels and vault maps discovered:
D:1:      dpeg_arrival_long_road, layout_basic, minmay_vboxes
D:2:      layout_basic, lemuel_crystal_altar, vehumet_crystals,
          minmay_hedge_maze
D:3:      layout_loops_ring, lemuel_doored_altar,
          chequers_ecumenical_altar_simple_redux, uniq_natasha, uniq_jessica,
          uniq_robin, uniq_sigmund

Skill      XL: |  1  2  3 |
---------------+----------+-----
Staves         | 3 4 |  4.5
Throwing       | 2 |  2.0
Armour         | 1 |  1.5
Fighting       | |  2.0
Dodging        | |  2.6

Action                   |  1- 3 |  4- 6 || total
-------------------------+-------+-------++-------
Melee: Quarterstaff      |    58 |    35 ||    93
Throw: Throwing net      |     1 |       ||     1
  Eat: Chunk             |     1 |     1 ||     2
Armor: Ring mail         |    19 |    10 ||    29
Dodge: Dodged            |    35 |    46 ||    81

Table legend:
 A = Non-vault XP
 B = Vault XP
 C = Vault XP percentage of total XP
 D = Non-vault monster count
 E = Vault monster count
 F = Vault count percentage of total count
                 A         B        C        D         E       F
            +---------+---------+-------+---------+---------+-------
      Total |     147 |      23 |  13.5 |      29 |      11 |  27.5
            +---------+---------+-------+---------+---------+-------
        D:1 |      10 |      16 |  61.5 |       8 |       7 |  46.7
        D:2 |     122 |       0 |   0.0 |      19 |       0 |   0.0
        D:3 |      15 |       7 |  31.8 |       2 |       4 |  66.7
            +---------+---------+-------+---------+---------+-------
